 Dungeon Crawl Stone Soup version 0.22-a0-533-g4d20840 (webtiles) character file.

47 gmonis the Firebug (level 3, -3/26 HPs)
             Began as a Draconian Fire Elementalist on June 22, 2018.
             Slain by an orc wizard
             ... wielding a +0 dagger
              (5 damage)
             ... on level 2 of the Dungeon.
             The game lasted 00:07:57 (2278 turns).

gmonis the Firebug (Draconian Fire Elementalist)    Turns: 2278, Time: 00:07:58

Health: -3/26      AC:  5    Str: 10    XL:     3   Next: 48%
Magic:  0/7        EV: 12    Int: 16    God:
Gold:   84         SH:  0    Dex: 11    Spells: 6/7 levels left

rFire    . . .     SeeInvis .   (no weapon)
rCold    . . .     Gourm    .   (no shield)
rNeg     . . .     Faith    .   (armour unavailable)
rPois    .         Spirit   .   (helmet restricted)
rElec    .         Reflect  .   (no cloak)
rCorr    .         Harm     .   (no gloves)
MR       .....                  (no boots)
Stlth    ++........             (no amulet)
HPRegen  0.08/turn              (no ring)
MPRegen  0.10/turn              (no ring)

@: very slightly contaminated
A: unfitting armour, cold-blooded, AC +5
a: no special abilities


You were on level 2 of the Dungeon.
You were hungry.

You visited 1 branch of the dungeon, and saw 3 of its levels.

You collected 84 gold pieces.

Inventory:

Missiles
 e - 71 stones (quivered)
Scrolls
 a - 2 scrolls of identify {unknown}
 c - 3 scrolls of magic mapping {unknown}
 f - 2 scrolls of enchant weapon {unknown}
 g - a scroll of enchant armour {unknown}
 j - a scroll of blinking {unknown}
 l - a scroll of noise {unknown}
Potions
 d - a potion of brilliance {unknown}
 h - a potion of heal wounds {unknown}
 k - a potion of curing {unknown}
Comestibles
 b - 2 rations


   Skills:
 + Level 2.5 Dodging
 - Level 1.7 Stealth
 + Level 2.6 Spellcasting
 + Level 2.0 Conjurations
 - Level 3.0 Fire Magic


You had 6 spell levels left.
You knew the following spells:

 Your Spells              Type           Power        Failure   Level  Hunger
a - Flame Tongue          Conj/Fire      ##...        7%          1    #......

Your spell library contained the following spells:

 Spells                   Type           Power        Failure   Level  Hunger
 Fireball                 Conj/Fire      ##........   88%         5    ######.
 Conjure Flame            Conj/Fire      ##......     21%         3    ###....
 Throw Flame              Conj/Fire      ##....       11%         2    ##.....
 Sticky Flame             Conj/Fire      ##......     56%         4    #####..
 Inner Flame              Hex/Fire       #.......     32%         3    ###....


Dungeon Overview and Level Annotations

Branches:
Dungeon (3/15)

Altars:
Ashenzari
Gozag
Nemelex Xobeh
Yredelemnul
Zin


Innate Abilities, Weirdness & Mutations

Your plain brown scales are hard. (AC +5)
You cannot fit into any form of body armour.
You are cold-blooded and may be slowed by cold attacks.


Message History

Confirm with . or Enter, or press ? or * to list all spells.
Aiming: Flame Tongue (safe; 7% risk of failure)
Press: ? - help, Shift-Dir - straight line, f - orc wizard
Aim: an orc wizard, wielding a dagger and wearing a robe (fast)
The flame tongue hits the orc wizard.
The orc wizard appears unharmed.
Casting: Flame Tongue (safe; 7% risk of failure)
Confirm with . or Enter, or press ? or * to list all spells.
Aiming: Flame Tongue (safe; 7% risk of failure)
Press: ? - help, Shift-Dir - straight line, f/p - orc wizard
Aim: an orc wizard, wielding a dagger and wearing a robe (fast)
You miscast Flame Tongue.
You are very lightly contaminated with residual magic.
Heat runs through your body. The orc wizard closely misses you.
The orc wizard barely misses you.
You hit the orc wizard but do no damage.
The orc wizard hits you with a dagger.
* * * LOW HITPOINT WARNING * * *
You hit the orc wizard but do no damage.
The orc wizard misses you. The orc wizard hits you with a dagger.
You die...

## #........[###.#
#..##.# #.# #. .#
#.........# #.#
##.##.# #.# #. .#
#.........# #.#
#.##.# #.# #. .#
#.........# #.#
#.##.# #.# #.
'###..######.# #.#
#.##.# #.# #.
...'.#######.# #.#
#..#.# #.# #.
'###.......#.# #.#
##.#.# #.###. .#
#..####.#.# #.#
#.#.###'#... .#
#..# #.#.# #@#
#.#.##....#. .#
#..# #.#.# #o#
#.#.##....#. ##
#.## #<#.# #.#
#...##....#.
#.#######.# #.#
##..##...)#.
####.........# #.#
#.>##....#.
......########
#.#######.##....#.
#..####
#.............#.#.
.....#
#########.###.#.#.
####.# #.# #.#.#.


You could see an orc wizard.

Vanquished Creatures
  An adder (D:2)
  4 leopard geckos
  An orc (D:3)
  A giant cockroach (D:2)
  4 goblins
  7 hobgoblins
  2 bats (D:1)
  A frilled lizard (D:1)
  4 kobolds
  5 rats
30 creatures vanquished.

Notes
Turn   | Place    | Note
-------+----------+-------------------------------------------
     0 | D:1      | gmonis the Draconian Fire Elementalist began the quest for the Orb.
     0 | D:1      | Reached XP level 1. HP: 14/14 MP: 3/3
   262 | D:1      | Found a shattered altar of Ashenzari.
   395 | D:1      | Reached XP level 2. HP: 20/20 MP: 3/5
  1031 | D:2      | Reached XP level 3. HP: 26/26 MP: 2/6
  1162 | D:2      | Found an opulent altar of Gozag.
  1164 | D:2      | Found a basalt altar of Yredelemnul.
  1164 | D:2      | Found a sparkling altar of Nemelex Xobeh.
  1164 | D:2      | Found a glowing silver altar of Zin.
  2278 | D:2      | Slain by an orc wizard

Vault maps used:
D:1:      minmay_arrival_four_circles, evilmike_ruin_ashenzari
D:2:      grunt_temple_overflow_open, minmay_door_square
D:3:      biasface_ghost_orc_armoury, nicolae_ru_sacrificial_ziggurat

Skill      XL: |  1  2  3 |
---------------+----------+-----
Dodging        | 2 |  2.5
Conjurations   | 2 |  2.0
Stealth        | |  1.7
Spellcasting   | |  2.6
Fire Magic     | |  3.0

Action                   || total
-------------------------++-------
Melee: Unarmed           ||     2
Throw: Stone             ||    21
 Cast: Flame Tongue      ||    55
  Eat: Chunk             ||     4
Armor: Skin              ||     8
Dodge: Dodged            ||    11

Table legend:
 A = Spawn XP
 B = Non-spawn XP
 C = Spawn XP percentage of total XP
 D = Spawn monster count
 E = Non-spawn monster count
 F = Spawn count percentage of total count
 G = Total turns spent on level
                    A         B        C        D         E        F      G
               +---------+---------+-------+---------+---------+-------+---------
         Total |       0 |      68 |   0.0 |       0 |      30 |   0.0 |  2278
               +---------+---------+-------+---------+---------+-------+---------
           D:1 |       0 |      24 |   0.0 |       0 |      14 |   0.0 |   853
           D:2 |       0 |      41 |   0.0 |       0 |      15 |   0.0 |  1417
           D:3 |       0 |       3 |   0.0 |       0 |       1 |   0.0 |     8
               +---------+---------+-------+---------+---------+-------+---------
